 Dungeon Crawl Stone Soup version 0.28-a0-1235-g7c8fac35f0 (webtiles) character file.

Game seed: 4432659302801059654

142 browni3141 the Caller (level 5, -1/21 HPs)
             Began as a Felid Summoner on Dec 24, 2021.
             Succumbed to an adder's poison
             ... in a sewer.
             The game lasted 00:14:56 (5494 turns).

browni3141 the Caller (Felid Summoner)              Turns: 5494, Time: 00:14:56

Health: -1/21      AC:  1    Str:  4    XL:     5   Next: 4%
Magic:  6/11       EV: 17    Int: 18    God:
Gold:   111        SH:  0    Dex: 17    Spells: 2/11 levels left
                                        Lives:  0   Deaths: 1

rFire   . . .      SeeInvis +   (weapon unavailable)
rCold   . . .      Faith    .   (shield unavailable)
rNeg    . . .      Spirit   .   (armour unavailable)
rPois   .          Reflect  .   (helmet unavailable)
rElec   .          Harm     .   (cloak unavailable)
rCorr   .          Rampage  .   (gloves unavailable)
Will    .....                   (boots unavailable)
Stlth   ++........              (no amulet)
HPRegen 0.07/turn               (no ring)
MPRegen 0.12/turn               (no ring)

@: lethally poisoned (-1 -> -8), quick
A: very small, claws 1, fangs 3, see invisible, speed 1, shaggy fur 1, stealthy
paws, no weapons or thrown items, no armour, multi-lived
a: no special abilities


You were in a sewer.
You visited 1 branch of the dungeon, and saw 3 of its levels.
You also visited: Sewer.

You collected 111 gold pieces.

Inventory:

Jewellery
 a - a ring of fire
Scrolls
 b - a scroll of immolation {unknown}
 e - 2 scrolls of fog {unknown}
 i - 3 scrolls of magic mapping {unknown}
Potions
 c - a potion of degeneration
 d - a potion of curing
 f - a potion of mutation {unknown}
 g - a potion of lignification {unknown}
 h - a potion of haste {unknown}


   Skills:
 - Level 2.6 Dodging
 - Level 2.6 Stealth
 + Level 3.6 Spellcasting
 * Level 6.4 Summonings


You had 2 spell levels left.
You knew the following spells:

 Your Spells              Type           Power      Damage    Failure   Level
a - Summon Small Mammal   Summ           100%       N/A       1%          1
b - Call Imp              Summ           26%        N/A       1%          2
c - Call Canine Familiar  Summ           26%        N/A       3%          3
d - Summon Guardian Gole  Hex/Summ       14%        N/A       12%         3

Your spell library contained the following spells:

 Spells                   Type           Power      Damage    Failure   Level
 Summon Lightning Spire   Summ/Air       14%        N/A       38%         4
 Ozocubu's Armour         Ice            3%         N/A       43%         3
 Ozocubu's Refrigeration  Ice            1%         4d5       100%        7


Dungeon Overview and Level Annotations

Branches:
Dungeon (3/15)              Sewer (1/1)

Altars:
The Shining One


Innate Abilities, Weirdness & Mutations

You have sharp claws.
You have razor-sharp teeth.
You have supernaturally acute eyesight. (SInv)
You cover ground quickly. (Speed+)
You are covered in fur. (AC +1)
Your paws help you pounce on unaware monsters.
You are incapable of wielding weapons or throwing items.
You cannot wear armour.
You gain extra lives every three experience levels.


Message History

Unknown command.
You miss the adder.
The kobold shouts!
The adder closely misses you.
You scratch the adder but do no damage. The adder bites you.
You are poisoned.
The adder poisons you! The adder closely misses you.
You closely miss the adder.
You feel sick. The adder barely misses you.
You scratch the adder. You bite the adder, but do no damage.
The adder is lightly wounded.
You feel sick.
The kobold throws a stone.
The stone hits your guardian golem but does no damage.
The adder bites you.
Unknown command.
You enter the shallow water.
Moving in this stuff is going to be slow.
You feel sick. The adder barely misses you.
You feel sick. The adder barely misses you.
Casting: Summon Guardian Golem (extremely dangerous; 12% risk of failure)
Confirm with . or Enter, or press ? or * to list all spells.
The spell is quite dangerous to miscast (3% risk of failure)!
Continue anyway?
You feel sick.
Your hound disappears in a puff of smoke!
The adder misses you.
Unknown command.
You enter the shallow water.
Moving in this stuff is going to be slow.
You feel sick.
You are no longer poisoned.
The adder barely misses you.
Your hound barely misses the adder.
You swap places.
You enter the shallow water.
Moving in this stuff is going to be slow.
Your hound barely misses the adder.
The adder bites you.
* * * LOW HITPOINT WARNING * * *
Your hound completely misses the adder.
The adder bites you.
* * * LOW HITPOINT WARNING * * *
You are lethally poisoned!
The adder poisons you!
You die...

#..≈#.≈≈# ≈≈ ..≈
##≈###)## #≈ #≈# #≈#
#≈# #≈ #.# #.###≈#
#≈###.# #≈≈≈≈≈#
#≈≈≈≈K# ##≈≈≈##
##≈≈.## #.≈.# #.≈9#
#.≈≈# #.≈S# #.≈≈##
##@≈h# #..≈.## ##.≈..#
#.≈..≈#####..≈≈.#
#####.≈≈.≈≈≈≈≈≈≈..##
.≈≈####≈.≈≈≈≈≈≈≈### ≈
†.≈.# ##≈≈.≈...## .≈≈
≈.≈.####≈≈...≈.## #.≈.
#.≈..##≈...≈≈≈.≈##.≈.≈
##..≈≈≈≈..≈....≈≈...≈#


You could see an adder (ally target), a kobold, a friendly guardian golem
(summoned) and a friendly hound (summoned, sheltered).

Vanquished Creatures
  Natasha (D:1)
  2 worms
  2 endoplasms
  2 giant cockroaches
  A hobgoblin (D:2)
  3 ball pythons
  5 rats
16 creatures vanquished.

Vanquished Creatures (collateral kills)
  Natasha (twice) (D:1)
  2 adders
  A river rat (Sewer)
  A worm (Sewer)
  A dart slug (D:1)
  4 bats
  7 endoplasms
  3 giant cockroaches
  8 hobgoblins
  3 jackals (D:2)
  6 kobolds
  A quokka (D:2)
  2 ball pythons (D:1)
  5 goblins (D:1)
  6 rats
52 creatures vanquished.

Vanquished Creatures (others)
  A kobold brigand (Sewer)
  A river rat (Sewer)
  A kobold (Sewer)
3 creatures vanquished.

Grand Total: 71 creatures vanquished

Notes
Turn   | Place    | Note
-------+----------+-------------------------------------------
     0 | D:1      | browni3141 the Felid Summoner began the quest for the Orb.
     0 | D:1      | Reached XP level 1. HP: 7/7 MP: 4/4
   418 | D:1      | Reached XP level 2. HP: 5/11 MP: 4/6
   603 | D:1      | Learned a level 2 spell: Call Imp
   796 | D:1      | Found a faded altar of an unknown god.
  1287 | D:1      | Reached XP level 3. HP: 14/14 MP: 3/7
  1624 | D:2      | Noticed Natasha
  1780 | D:1      | Killed Natasha
  1781 | D:1      | Reached skill level 5 in Summonings
  1951 | D:1      | Learned a level 3 spell: Call Canine Familiar
  2610 | D:1      | Noticed Natasha
  2702 | D:1      | Killed Natasha
  2703 | D:1      | Reached XP level 4. HP: 18/18 MP: 4/9
  3043 | D:1      | Noticed Natasha
  3111 | D:1      | Killed Natasha
  3665 | D:2      | Found a glowing golden altar of the Shining One.
  4277 | D:2      | Reached XP level 5. HP: 21/21 MP: 7/10
  4463 | D:3      | Found a glowing drain.
  4679 | Sewer    | Entered a sewer
  5033 | Sewer    | Learned a level 3 spell: Summon Guardian Golem
  5107 | Sewer    | Reached skill level 6 in Summonings
  5358 | Sewer    | Slain by a river rat
  5359 | Sewer    | Reached XP level 4. HP: 0/18 MP: 7/10
  5368 | Sewer    | Reached XP level 5. HP: 21/21 MP: 11/11
  5493 | Sewer    | HP: 1/21 [adder (5)]
  5494 | Sewer    | Succumbed to an adder's poison

Illustrated notes

Levels and vault maps discovered:
D:1:      amcnicky_arrival_underground_garden, layout_basic,
          hellmonk_ecumenical_altar_crossroads, roderic_lattice_a
D:2:      layout_basic, basic_altar, skrybe_limestone_x, uniq_natasha
D:3:      layout_rooms, cheibrodos_sewer_entry_sluice
Sewer:    sewer_co_tree

Skill      XL: |  1  2  3  4  5 |
---------------+----------------+-----
Summonings     | 5 6 |  6.4
Spellcasting   | 3 |  3.6
Dodging        | |  2.6
Stealth        | |  2.6

Action                   |  1- 3 |  4- 6 || total
-------------------------+-------+-------++-------
Melee: Unarmed           |    18 |    96 ||   114
       Bite              |     1 |     4 ||     5
 Cast: Summon Small Mamm |    19 |     7 ||    26
       Call Imp          |    19 |     3 ||    22
       Call Canine Famil |     3 |    19 ||    22
       Summon Guardian G |       |     5 ||     5
  Use: Potion            |       |     3 ||     3
 Stab: Sleeping          |     1 |     2 ||     3
       Distracted        |       |     1 ||     1
Armor: Skin              |     3 |     8 ||    11
Dodge: Dodged            |    20 |   110 ||   130

Table legend: (Time is in decaauts)
 A = Elapsed time spent in this place.
 B = Non-inter-level travel time spent in this place.
 C = Inter-level travel time spent in this place.
 D = Time resting spent in this place.
 E = Time spent auto-exploring this place.
 F = Levels seen in this place.
 G = Mean time per level.
                   A        B        C        D        E       F      G
               +--------+--------+--------+--------+--------+-----+--------+
         Total |   5081 |   4646 |    435 |    847 |   2236 |   4 | 1270.2 |
       Dungeon |   4204 |   3769 |    435 |    712 |   1845 |   3 | 1401.3 |
         Sewer |    877 |    877 |      0 |    135 |    390 |   1 |  877.0 |
               +--------+--------+--------+--------+--------+-----+--------+

Top non-repeatable levels by time:
     D:1: 2882 daAuts
     D:2: 1228 daAuts
   Sewer: 877 daAuts
     D:3: 92 daAuts
